AoeStats
← Oldspice

African Clearing

505766895Analyzed
2v2 RM · 21d ago on Sep 11, 2026· 44m 55s· 4 players
Game mode
Random Map
Map size
Medium (4 player)
Population
200
Speed
Normal
Resources
Standard
Victory
Conquest
Starting age
Dark Age
Ending age
Imperial Age
RankedLock teamsTeams togetherTeam positionsShared explorationLock speedFull tech treeHidden civsTurbo modeCheats
Victory
Defeat
🇨🇦 Japanese · Canada
1553
+13
🇺🇸 Mongols · United States
1541
+13
🇺🇸 Jurchens · United States
1522
-15
🇺🇸 Khitans · United States
1435
-11
Oldspice
12:32 Feudal Age
12:29 Loom
17:10 Castle Age
16:38 Padded Archer Armor
16:29 Double-Bit Axe
19:19 Horse Collar
28:48 Leather Archer Armor
29:26 Siege Engineers
33:20 Ballistics
36:33 Wheelbarrow
35:43 Town Watch
41:14 Imperial Age
41:39 Scale Barding Armor
43:38 Ring Archer Armor
TheHairlessBear
9:50 Loom
12:10 Feudal Age
13:17 Double-Bit Axe
14:58 Forging
15:45 Town Watch
17:06 Scale Barding Armor
18:56 Domestication
20:16 Scale Mail Armor
26:10 Castle Age
25:27 Wheelbarrow
32:00 Bow Saw
34:20 Fletching
34:30 Padded Archer Armor
36:05 Bodkin Arrow
36:26 Leather Archer Armor
35:58 Elite Skirmisher
36:50 Gold Mining
38:59 Thumb Ring
39:20 Ballistics
Mandrek
11:19 Feudal Age
12:02 Double-Bit Axe
15:15 Loom
18:14 Castle Age
18:18 Fletching
19:21 Horse Collar
23:56 Bodkin Arrow
24:15 Gold Mining
25:02 Bow Saw
25:15 Padded Archer Armor
26:09 Ballistics
26:51 Bloodlines
27:23 Wheelbarrow
28:33 Husbandry
28:57 Leather Archer Armor
29:38 Hand Cart
33:50 Gold Shaft Mining
33:06 Stone Mining
34:38 Heavy Plow
39:30 Imperial Age
37:38 Thumb Ring
38:01 Scale Barding Armor
39:15 Masonry
39:28 Chain Barding Armor
39:18 Forging
38:38 Light Cavalry
40:43 Parthian Tactics
41:24 Chemistry
40:30 Town Watch
41:35 Conscription
41:33 Bracer
43:11 Iron Casting
42:44 Hussar
44:09 Elite Mangudai
Aurum
3:24 Loom
13:21 Feudal Age
16:51 Castle Age
19:46 Forging
19:36 Scale Mail Armor
27:41 Wheelbarrow
27:32 Padded Archer Armor
29:39 Fletching
32:55 Bloodlines
33:40 Hand Cart
34:08 Bodkin Arrow
38:04 Imperial Age
36:03 Husbandry
36:20 Leather Archer Armor
36:08 Double-Bit Axe
37:10 Ballistics
39:47 Chemistry
39:27 Bracer
39:22 Light Cavalry
41:42 Iron Casting
41:12 Scale Barding Armor
41:24 Horse Collar
Connection lost

Rejoining the realm…

Still unreachable

The connection could not be restored.

Session expired

The server has moved on; the page needs a fresh start.